3R
NORTHWEST TERRITORY BEAVERS @ SHERIDAN DEER
07/03/2038
 
TOP OF THE 1ST
Northwest Territory Beavers batting - Pitching for Sheridan Deer : RHP Bertrand Scotton
Pitching: RHP Bertrand Scotton
Batting: RHB Richard Mitchell 0-0: SOLO HOME RUN (Flyball, 7LD, EV 101.2 MPH), Distance : 355 ft
Batting: LHB Mike Johnstone 0-0: Ball
1-0: Ball
2-0: Foul Ball, location: 2F
2-1: Swinging Strike
2-2: Foul Ball, location: 2F
2-2: Foul Ball, location: 2F
2-2: Foul Ball, location: 2F
2-2: Foul Ball, location: 2F
2-2: Foul Ball, location: 2F
2-2: Foul Ball, location: 2F
2-2: Fly out, F3 (Flyball, 3D, EV 92.5 MPH)
Batting: LHB Lester Threlfall 0-0: Ball
1-0: Foul Ball, location: 2F
1-1: Ball
2-1: Ball
3-1: Called Strike
3-2: Strikes out swinging
Batting: LHB Matt Dunlap 0-0: Called Strike
0-1: Ball
1-1: Ball
2-1: Foul Ball, location: 2F
2-2: Ball
3-2: Base on Balls
Batting: RHB David Alcabú 0-0: Ball
1-0: Ground out 4-3 (Groundball, 4, EV 86.2 MPH)
Top of the 1st over - 1 run, 1 hit, 0 errors, 1 left on base; Northwest Territory 1 - Sheridan 0
BOTTOM OF THE 1ST
Sheridan Deer batting - Pitching for Northwest Territory Beavers : RHP Cameron Sellers
Pitching: RHP Cameron Sellers
Batting: RHB Ryan McCarty 0-0: Called Strike
0-1: Called Strike
0-2: Foul Ball, location: 2F
0-2: SINGLE (Groundball, 56, EV 101.2 MPH) (infield hit)
Batting: RHB Shalom Gestel 0-0: Called Strike
0-1: Foul Ball, location: 2F
0-2: Ball
1-2: Ball
2-2: Ball
3-2: SINGLE (Line Drive, 7S, EV 89.4 MPH)
Ryan McCarty to second
Batting: LHB Hsui-chuan Tsou 0-0: Ball
1-0: Called Strike
Ryan McCarty steals 3rd base
1-1: Foul Ball, location: 2F
1-2: Foul Ball, location: 2F
1-2: Ball
2-2: SINGLE (Line Drive, 7S, EV 95.6 MPH)
Ryan McCarty scores
Shalom Gestel to second
Batting: RHB Haechan Mae 0-0: Ball
1-0: Foul Ball, location: 2F
1-1: Ball
2-1: Swinging Strike
2-2: Foul Ball, location: 2F
2-2: Fly out, F6 (Popup, 6MD, EV 45.0 MPH)
Batting: LHB Kelvin Schmidt 0-0: Foul Ball, location: 2F
0-1: SINGLE (Groundball, 34D, EV 101.9 MPH)
Shalom Gestel to third
Hsui-chuan Tsou to second
Runner from 3rd tries for Home, SAFE, throw by RF to home
Batting: RHB Tim Dickson 0-0: Swinging Strike
0-1: Foul Ball, location: 2F
0-2: Strikes out swinging
Batting: SHB Leonardo Rodríguez 0-0: Reached on error, E2 (Groundball, 15S, EV 66.2 MPH)
Hsui-chuan Tsou to third
Kelvin Schmidt to second
Batting: RHB Danny Hensley 0-0: Called Strike
0-1: Foul Ball, location: 2F
0-2: Ball
1-2: Hit by Pitch
Hsui-chuan Tsou scores
Kelvin Schmidt to third
Leonardo Rodríguez to second
Batting: RHB Kyle Michaud 0-0: Called Strike
0-1: Ball
1-1: Called Strike
1-2: Strikes out swinging
Bottom of the 1st over - 3 runs, 4 hits, 1 error, 3 left on base; Northwest Territory 1 - Sheridan 3
TOP OF THE 2ND
Northwest Territory Beavers batting - Pitching for Sheridan Deer : RHP Bertrand Scotton
Batting: LHB Martín Pliego 0-0: Foul Ball, location: 2F
0-1: SINGLE (Groundball, 4MD, EV 102.5 MPH)
Batting: LHB Grover Barbaran 0-0: Ball
1-0: Called Strike
1-1: Ball
2-1: Foul Ball, location: 2F
2-2: SINGLE (Flyball, 8RS, EV 90.0 MPH)
Martín Pliego to second
Batting: SHB Zach Bass 0-0: Called Strike
0-1: Called Strike
0-2: Ball
1-2: Foul Ball, location: 2F
1-2: Fielders Choice at 2nd, 2-4 (Groundball, 2L, EV 63.8 MPH)
Martín Pliego to third
Batting: RHB Cole Hewitt 0-0: Ball
1-0: Called Strike
1-1: Swinging Strike
1-2: Foul Ball, location: 2F
1-2: Strikes out looking
Batting: RHB Richard Mitchell 0-0: Ball
1-0: Swinging Strike
1-1: Foul Ball, location: 2F
1-2: Foul Ball, location: 2F
1-2: Ball
2-2: Strikes out looking
Top of the 2nd over - 0 runs, 2 hits, 0 errors, 2 left on base; Northwest Territory 1 - Sheridan 3
BOTTOM OF THE 2ND
Sheridan Deer batting - Pitching for Northwest Territory Beavers : RHP Cameron Sellers
Batting: RHB Ryan McCarty 0-0: Ball
1-0: TRIPLE (Line Drive, 89XD, EV 102.5 MPH)
Batting: RHB Shalom Gestel 0-0: Ball
1-0: Ball
2-0: Ball
3-0: Base on Balls
Batting: LHB Hsui-chuan Tsou 0-0: Ball
1-0: Ball
2-0: Foul Ball, location: 2F
2-1: Swinging Strike
2-2: Foul Ball, location: 2F
2-2: Ball
3-2: Fly out, F5 (Popup, 5, EV 77.5 MPH)
Batting: RHB Haechan Mae 0-0: Ball
1-0: Called Strike
1-1: Ball
2-1: SINGLE (Groundball, P, EV 69.4 MPH) (infield hit)
Shalom Gestel to second
Batting: LHB Kelvin Schmidt 0-0: Called Strike
0-1: Foul Ball, location: 2F
0-2: Strikes out looking
Batting: RHB Tim Dickson 0-0: Ball
1-0: Foul Ball, location: 2F
1-1: Ball
2-1: Ball
3-1: Fielders Choice at 2nd, 5-4 (Groundball, 56, EV 101.9 MPH)
Bottom of the 2nd over - 0 runs, 2 hits, 0 errors, 3 left on base; Northwest Territory 1 - Sheridan 3
TOP OF THE 3RD
Northwest Territory Beavers batting - Pitching for Sheridan Deer : RHP Bertrand Scotton
Batting: LHB Mike Johnstone 0-0: SINGLE (Groundball, 34, EV 83.8 MPH) (infield hit)
Batting: LHB Lester Threlfall 0-0: Ball
1-0: Foul Ball, location: 2F
1-1: Fly out, F7 (Flyball, 78S, EV 79.4 MPH)
Batting: LHB Matt Dunlap 0-0: Ball
1-0: Foul Ball, location: 2F
1-1: Ball
2-1: Ball
3-1: Base on Balls
Mike Johnstone to second
Batting: RHB David Alcabú 0-0: TRIPLE (Flyball, 8LXD, EV 108.1 MPH)
Mike Johnstone scores
Matt Dunlap scores
Batting: LHB Martín Pliego 0-0: Ball
1-0: Foul Ball, location: 2F
1-1: Ball
2-1: TRIPLE (Flyball, 89XD, EV 93.1 MPH)
David Alcabú scores
Pitching: LHP Carlos Menéndez
Batting: LHB Grover Barbaran 0-0: Foul Ball, location: 2F
0-1: Called Strike
0-2: Fly out, F7 (Flyball, 7S, EV 91.2 MPH)
Batting: SHB Zach Bass 0-0: Foul Ball, location: 2F
0-1: Ball
1-1: Called Strike
1-2: Ball
2-2: Strikes out swinging
Top of the 3rd over - 3 runs, 3 hits, 0 errors, 1 left on base; Northwest Territory 4 - Sheridan 3
BOTTOM OF THE 3RD
Sheridan Deer batting - Pitching for Northwest Territory Beavers : RHP Cameron Sellers
Batting: SHB Leonardo Rodríguez 0-0: Ball
1-0: Fly out, F2 (Popup, 25F, EV 86.9 MPH)
Batting: RHB Danny Hensley 0-0: Ball
1-0: Swinging Strike
1-1: SINGLE (Line Drive, 4MD, EV 99.4 MPH)
Batting: RHB Kyle Michaud 0-0: Called Strike
Danny Hensley is caught stealing 2nd base 2-4
0-1: Ball
1-1: Fly out, F5 (Line Drive, 5, EV 63.8 MPH)
Bottom of the 3rd over - 0 runs, 1 hit, 0 errors, 0 left on base; Northwest Territory 4 - Sheridan 3
TOP OF THE 4TH
Northwest Territory Beavers batting - Pitching for Sheridan Deer : LHP Carlos Menéndez
Batting: RHB Cole Hewitt 0-0: Called Strike
0-1: Called Strike
0-2: Foul Ball, location: 2F
0-2: SINGLE (Groundball, 34D, EV 93.8 MPH)
Batting: RHB Richard Mitchell 0-0: Ball
1-0: Called Strike
1-1: Ball
2-1: Ball
3-1: Base on Balls
Cole Hewitt to second
Batting: LHB Mike Johnstone 0-0: Ball
1-0: Ball
2-0: Grounds into double play, 4-6-3 (Groundball, 34D, EV 104.4 MPH)
Cole Hewitt to third
Batting: LHB Lester Threlfall 0-0: Ball
1-0: Ball
2-0: Fly out, F7 (Flyball, 78S, EV 85.0 MPH)
Top of the 4th over - 0 runs, 1 hit, 0 errors, 1 left on base; Northwest Territory 4 - Sheridan 3
BOTTOM OF THE 4TH
Sheridan Deer batting - Pitching for Northwest Territory Beavers : RHP Cameron Sellers
Batting: RHB Ryan McCarty 0-0: Ball
1-0: Foul Ball, location: 2F
1-1: SINGLE (Line Drive, 78S, EV 100.0 MPH)
Batting: RHB Shalom Gestel 0-0: Foul Ball, location: 2F
0-1: Ball
1-1: Ball
2-1: Foul Ball, location: 2F
2-2: Fly out, F8 (Flyball, 8LD, EV 95.6 MPH)
Runner from 1st tags up, SAFE at 2nd
Batting: LHB Hsui-chuan Tsou 0-0: Ball
1-0: Ball
2-0: Called Strike
2-1: Ball
3-1: Foul Ball, location: 2F
3-2: Base on Balls
Batting: RHB Haechan Mae 0-0: Called Strike
0-1: Called Strike
Ryan McCarty steals 3rd base
0-2: Ball
1-2: DOUBLE (Flyball, 8LXD, EV 101.2 MPH)
Ryan McCarty scores
Hsui-chuan Tsou to third
Runner from 3rd tries for Home, SAFE, throw by CF to home
Pitching: RHP Joeri van Lint
Batting: LHB Kelvin Schmidt 0-0: Fly out, F9 (Flyball, 9D, EV 102.5 MPH)
Runner from 2nd tags up, SAFE at 3rd, no throw by RF
Batting: RHB Tim Dickson 0-0: Ball
1-0: Ball
2-0: Foul Ball, location: 2F
2-1: Ground out 6-3 (Groundball, 6, EV 107.5 MPH)
Bottom of the 4th over - 2 runs, 2 hits, 0 errors, 1 left on base; Northwest Territory 4 - Sheridan 5
TOP OF THE 5TH
Northwest Territory Beavers batting - Pitching for Sheridan Deer : LHP Carlos Menéndez
Batting: LHB Matt Dunlap 0-0: Called Strike
0-1: Ball
1-1: Fly out, F8 (Line Drive, 8LM, EV 88.1 MPH)
Batting: RHB David Alcabú 0-0: Ball
1-0: Foul Ball, location: 2F
1-1: Called Strike
1-2: Strikes out looking
Batting: LHB Martín Pliego 0-0: Called Strike
0-1: Ball
1-1: Ball
2-1: Foul Ball, location: 2F
2-2: Ball
3-2: Fly out, F9 (Flyball, 9, EV 73.8 MPH)
Top of the 5th over - 0 runs, 0 hits, 0 errors, 0 left on base; Northwest Territory 4 - Sheridan 5
BOTTOM OF THE 5TH
Sheridan Deer batting - Pitching for Northwest Territory Beavers : RHP Joeri van Lint
Batting: SHB Leonardo Rodríguez 0-0: Called Strike
0-1: Called Strike
0-2: Strikes out looking
Batting: RHB Danny Hensley 0-0: Ground out 5-3 (Groundball, 56, EV 103.8 MPH)
Batting: RHB Kyle Michaud 0-0: Ball
1-0: SINGLE (Line Drive, 8LS, EV 106.2 MPH)
Batting: RHB Ryan McCarty 0-0: Ball
1-0: Called Strike
1-1: Ball
Kyle Michaud steals 2nd base
2-1: Fly out, F8 (Flyball, 8LD, EV 85.6 MPH)
Bottom of the 5th over - 0 runs, 1 hit, 0 errors, 1 left on base; Northwest Territory 4 - Sheridan 5
TOP OF THE 6TH
Northwest Territory Beavers batting - Pitching for Sheridan Deer : LHP Carlos Menéndez
Pitching: RHP Juan Núñez
Batting: LHB Grover Barbaran 0-0: Ball
1-0: Ground out 6-3 (Groundball, 6S, EV 78.1 MPH)
Batting: SHB Zach Bass 0-0: SINGLE (Flyball, 89S, EV 85.0 MPH)
Batting: RHB Cole Hewitt 0-0: Called Strike
Zach Bass is caught stealing 2nd base 2-4
0-1: Ball
1-1: Ball
2-1: Foul Ball, location: 2F
2-2: Strikes out swinging
Top of the 6th over - 0 runs, 1 hit, 0 errors, 0 left on base; Northwest Territory 4 - Sheridan 5
BOTTOM OF THE 6TH
Sheridan Deer batting - Pitching for Northwest Territory Beavers : RHP Joeri van Lint
Batting: RHB Shalom Gestel 0-0: Ball
1-0: Called Strike
1-1: Called Strike
1-2: Ball
2-2: Ball
3-2: Ground out 6-3 (Groundball, 6M, EV 80.6 MPH)
Batting: LHB Hsui-chuan Tsou 0-0: Called Strike
0-1: Foul Ball, location: 2F
0-2: Foul Ball, location: 2F
0-2: Ball
1-2: Ball
2-2: Ball
3-2: Fly out, F9 (Flyball, 9D, EV 93.8 MPH)
Batting: RHB Haechan Mae 0-0: Called Strike
0-1: Foul Ball, location: 2F
0-2: Foul Ball, location: 2F
0-2: Ball
1-2: DOUBLE (Flyball, 8RXD, EV 108.1 MPH)
Pitching: RHP Javier Benavides
Batting: LHB Kelvin Schmidt 0-0: Ball
1-0: Swinging Strike
1-1: Called Strike
1-2: Ball
2-2: Ball
3-2: Base on Balls
Batting: RHB Tim Dickson 0-0: Fielders Choice at 2nd, 6-4 (Groundball, 56, EV 91.2 MPH)
Bottom of the 6th over - 0 runs, 1 hit, 0 errors, 2 left on base; Northwest Territory 4 - Sheridan 5
TOP OF THE 7TH
Northwest Territory Beavers batting - Pitching for Sheridan Deer : RHP Juan Núñez
Batting: RHB Richard Mitchell 0-0: Called Strike
0-1: Foul Ball, location: 2F
0-2: Strikes out swinging
Batting: LHB Mike Johnstone 0-0: Ball
1-0: Swinging Strike
1-1: Called Strike
1-2: Ball
2-2: Ball
3-2: Foul Ball, location: 2F
3-2: SINGLE (Line Drive, 5D, EV 100.0 MPH)
Batting: LHB Lester Threlfall 0-0: Ball
1-0: Grounds into double play, 4-6-3 (Groundball, 4, EV 81.9 MPH)
Top of the 7th over - 0 runs, 1 hit, 0 errors, 0 left on base; Northwest Territory 4 - Sheridan 5
BOTTOM OF THE 7TH
Sheridan Deer batting - Pitching for Northwest Territory Beavers : RHP Javier Benavides
Batting: SHB Leonardo Rodríguez 0-0: Ball
1-0: Ball
2-0: Called Strike
2-1: Foul Ball, location: 2F
2-2: Foul Ball, location: 2F
2-2: SINGLE (Groundball, 34D, EV 105.6 MPH)
Batting: RHB Danny Hensley 0-0: Swinging Strike
0-1: Ball
Leonardo Rodríguez is caught stealing 2nd base 2-4
1-1: SINGLE (Groundball, 6M, EV 92.5 MPH) (infield hit)
Batting: RHB Kyle Michaud 0-0: Called Strike
0-1: Ball
Danny Hensley steals 2nd base
1-1: Ball
2-1: Ground out 6-3 (Groundball, 6, EV 92.5 MPH)
Danny Hensley to third
Batting: RHB Ryan McCarty 0-0: Ball
1-0: Foul Ball, location: 2F
1-1: Fly out, F8 (Line Drive, 8LD, EV 92.5 MPH)
Bottom of the 7th over - 0 runs, 2 hits, 0 errors, 1 left on base; Northwest Territory 4 - Sheridan 5
TOP OF THE 8TH
Northwest Territory Beavers batting - Pitching for Sheridan Deer : RHP Juan Núñez
Batting: LHB Matt Dunlap 0-0: Ball
1-0: Ball
2-0: Ball
3-0: Called Strike
3-1: Base on Balls
Batting: RHB David Alcabú 0-0: Called Strike
0-1: Fielders Choice at 2nd, 6-4 (Groundball, 6, EV 103.8 MPH)
Pitching: LHP Seon-chin Park
Batting: LHB Martín Pliego 0-0: Ball
1-0: Foul Ball, location: 2F
1-1: Ball
2-1: SINGLE (Line Drive, 7LM, EV 96.9 MPH)
David Alcabú to second
Runner from 2nd tries for 3rd, SAFE, no throw by LF
Pinch Hitting: RHB Roland Rankin 0-0: Ball
1-0: Called Strike
1-1: Called Strike
1-2: SINGLE (Groundball, 6MD, EV 105.6 MPH)
David Alcabú scores
Martín Pliego to second
Runner from 2nd tries for 3rd, SAFE, throw by CF made to third
Batting: SHB Zach Bass 0-0: Ball
1-0: Foul Ball, location: 2F
1-1: Foul Ball, location: 2F
1-2: Ball
2-2: Fly out, F8 (Flyball, 8RS, EV 91.2 MPH)
Batting: RHB Cole Hewitt 0-0: Ball
1-0: Called Strike
1-1: Foul Ball, location: 2F
1-2: Strikes out swinging
Top of the 8th over - 1 run, 2 hits, 0 errors, 2 left on base; Northwest Territory 5 - Sheridan 5
BOTTOM OF THE 8TH
Sheridan Deer batting - Pitching for Northwest Territory Beavers : RHP Javier Benavides
Now at SS: Chi-Chi Ercument
Batting: RHB Shalom Gestel 0-0: Called Strike
0-1: Ball
1-1: Ball
2-1: Swinging Strike
2-2: Strikes out swinging
Batting: LHB Hsui-chuan Tsou 0-0: Swinging Strike
0-1: Ball
1-1: Ball
2-1: Called Strike
2-2: Ball
3-2: Foul Ball, location: 2F
3-2: Base on Balls
Batting: RHB Haechan Mae 0-0: SINGLE (Line Drive, 4D, EV 103.1 MPH)
Hsui-chuan Tsou to second
Batting: LHB Kelvin Schmidt 0-0: Called Strike
0-1: Ball
1-1: Ball
2-1: Swinging Strike
2-2: Foul Ball, location: 2F
2-2: Fly out, F8 (Flyball, 8LD, EV 85.6 MPH)
Batting: RHB Tim Dickson 0-0: Ball
1-0: Ball
2-0: Ball
3-0: Called Strike
3-1: Base on Balls
Hsui-chuan Tsou to third
Haechan Mae to second
Batting: SHB Leonardo Rodríguez 0-0: Called Strike
0-1: Ball
1-1: Ball
2-1: Foul Ball, location: 2F
2-2: Foul Ball, location: 2F
2-2: Strikes out looking
Bottom of the 8th over - 0 runs, 1 hit, 0 errors, 3 left on base; Northwest Territory 5 - Sheridan 5
TOP OF THE 9TH
Northwest Territory Beavers batting - Pitching for Sheridan Deer : LHP Seon-chin Park
Batting: RHB Richard Mitchell 0-0: Ball
1-0: Ball
2-0: Called Strike
2-1: Called Strike
2-2: Ball
3-2: Ground out 5-3 (Groundball, 56, EV 95.0 MPH)
Batting: LHB Mike Johnstone 0-0: Called Strike
0-1: Fly out, F8 (Flyball, 8LM, EV 83.8 MPH)
Batting: LHB Lester Threlfall 0-0: SINGLE (Flyball, 78S, EV 97.5 MPH)
Pitching: LHP Arturo Cuellar
Batting: LHB Matt Dunlap 0-0: Ball
1-0: Foul Ball, location: 2F
1-1: Fly out, F7 (Flyball, 8LM, EV 81.9 MPH)
Top of the 9th over - 0 runs, 1 hit, 0 errors, 1 left on base; Northwest Territory 5 - Sheridan 5
BOTTOM OF THE 9TH
Sheridan Deer batting - Pitching for Northwest Territory Beavers : RHP Javier Benavides
Pinch Hitting: LHB Phillip White 0-0: Called Strike
0-1: Ball
1-1: Ball
2-1: Foul Ball, location: 2F
2-2: Ball
3-2: SINGLE (Line Drive, 78S, EV 107.5 MPH)
Batting: RHB Kyle Michaud 0-0: Ball
1-0: Sac Bunt to 2L - play at first, batter OUT! 2-4
Phillip White to second
Pitching: RHP Gonzalo Garibay
Batting: RHB Ryan McCarty 0-0: Fly out, F9 (Flyball, 9S, EV 85.6 MPH)
Batting: RHB Shalom Gestel 0-0: Called Strike
0-1: Foul Ball, location: 2F
0-2: Foul Ball, location: 2F
0-2: Strikes out swinging
Bottom of the 9th over - 0 runs, 1 hit, 0 errors, 1 left on base; Northwest Territory 5 - Sheridan 5
TOP OF THE 10TH
Northwest Territory Beavers batting - Pitching for Sheridan Deer : LHP Arturo Cuellar
Now at SS: David Ferris
Batting: RHB David Alcabú 0-0: SINGLE (Groundball, 4MD, EV 107.5 MPH)
Batting: LHB Martín Pliego 0-0: Called Strike
0-1: Called Strike
0-2: Foul Ball, location: 2F
0-2: Ball
1-2: Ball
2-2: Foul Ball, location: 2F
2-2: Strikes out looking
Pinch Hitting: RHB Colton Shepard 0-0: Ball
1-0: Ball
2-0: Ball
3-0: Base on Balls
David Alcabú to second
Pinch Hitting: SHB Juan Gallardo 0-0: Ball
David Alcabú is caught stealing 3rd base 2-5
1-0: Swinging Strike
1-1: Called Strike
1-2: SINGLE (Line Drive, 5D, EV 105.0 MPH)
Colton Shepard to second
Batting: RHB Cole Hewitt 0-0: Ball
1-0: SINGLE (Line Drive, 8RS, EV 100.0 MPH)
Colton Shepard to third
Juan Gallardo to second
Runner from 3rd tries for Home, throw by CF and OUT! 8-2
Top of the 10th over - 0 runs, 3 hits, 0 errors, 2 left on base; Northwest Territory 5 - Sheridan 5
BOTTOM OF THE 10TH
Sheridan Deer batting - Pitching for Northwest Territory Beavers : RHP Gonzalo Garibay
Now at 2B: Tyler Pollock
Now at SS: Juan Gallardo
Batting: LHB Hsui-chuan Tsou 0-0: Ball
1-0: Ball
2-0: Ball
3-0: Swinging Strike
3-1: Swinging Strike
3-2: Base on Balls
Batting: RHB Haechan Mae 0-0: Ball
1-0: SINGLE (Line Drive, 9S, EV 101.2 MPH)
Hsui-chuan Tsou to second
Batting: LHB Kelvin Schmidt 0-0: Called Strike
0-1: Foul Ball, location: 2F
0-2: SINGLE (Flyball, 6D, EV 89.4 MPH)
Hsui-chuan Tsou to third
Haechan Mae to second
Batting: RHB Tim Dickson 0-0: Ball
1-0: Fly out, F6 (Popup, 6MD, EV 45.0 MPH)
Batting: SHB Leonardo Rodríguez 0-0: Called Strike
0-1: Ball
1-1: Ball
2-1: Foul Ball, location: 2F
2-2: Strikes out looking
Batting: RHB David Ferris 0-0: Ball
1-0: Ball
2-0: Ball
3-0: Called Strike
3-1: Foul Ball, location: 2F
3-2: Fly out, F9 (Flyball, 89S, EV 84.4 MPH)
Bottom of the 10th over - 0 runs, 2 hits, 0 errors, 3 left on base; Northwest Territory 5 - Sheridan 5
TOP OF THE 11TH
Northwest Territory Beavers batting - Pitching for Sheridan Deer : LHP Arturo Cuellar
Pitching: LHP Jung-won Park
Batting: RHB Richard Mitchell 0-0: Ball
1-0: Swinging Strike
1-1: Fly out, F9 (Flyball, 9LD, EV 97.5 MPH)
Batting: LHB Mike Johnstone 0-0: Foul Ball, location: 2F
0-1: SINGLE (Groundball, 34D, EV 98.1 MPH)
Batting: LHB Lester Threlfall 0-0: Called Strike
0-1: DOUBLE (Line Drive, 89D, EV 106.2 MPH)
Mike Johnstone to third
Runner from 3rd tries for Home, SAFE, throw by RF to trailing runner, SAFE at third!
Batting: LHB Matt Dunlap 0-0: Ball
1-0: Foul Ball, location: 2F
1-1: Ball
2-1: Foul Ball, location: 2F
2-2: Ball
3-2: Foul Ball, location: 2F
3-2: Fly out, F8 (Flyball, 89XD, EV 76.9 MPH)
Runner from 3rd tags up, SCORES, no throw by CF
Batting: RHB David Alcabú 0-0: Ball
1-0: Swinging Strike
1-1: Ball
2-1: Fly out, F9 (Flyball, 89D, EV 84.4 MPH)
Top of the 11th over - 2 runs, 2 hits, 0 errors, 0 left on base; Northwest Territory 7 - Sheridan 5
BOTTOM OF THE 11TH
Sheridan Deer batting - Pitching for Northwest Territory Beavers : RHP Gonzalo Garibay
Batting: RHB Kyle Michaud 0-0: Called Strike
0-1: Reached on error, E6 (Groundball, 6, EV 85.6 MPH)
Batting: RHB Ryan McCarty 0-0: Ball
1-0: Ball
2-0: Swinging Strike
2-1: Swinging Strike
2-2: Ball
3-2: Base on Balls
Batting: RHB Shalom Gestel 0-0: Bunted foul
0-1: Sac Bunt to 5S - play at first, batter OUT! 5-4
Kyle Michaud to third
Ryan McCarty to second
Batting: LHB Hsui-chuan Tsou 0-0: Ball
1-0: Swinging Strike
1-1: Ball
2-1: Foul Ball, location: 2F
2-2: Foul Ball, location: 2F
2-2: Ball
3-2: Fly out, F7 (Flyball, 7, EV 87.5 MPH)
Batting: RHB Haechan Mae 0-0: Foul Ball, location: 2F
0-1: Ground out 6-3 (Groundball, 6, EV 90.0 MPH)
Bottom of the 11th over - 0 runs, 0 hits, 1 error, 2 left on base; Northwest Territory 7 - Sheridan 5
Friday, April 17th, 2020 - OOTP Baseball 20.8 Build 74